 Dungeon Crawl Stone Soup version 0.18-a0-1649-g8d9735b (webtiles) character file.

57 Kidiri the Magician (level 3, -5/20 HPs)
             Began as a Deep Elf Fire Elementalist on Mar 29, 2016.
             Killed by nerve-wracking pain
             ... invoked by Grinder
              (9 damage)
             ... on level 3 of the Dungeon.
             The game lasted 00:30:53 (1703 turns).

Kidiri the Magician (Deep Elf Fire Elementalist)    Turns: 1703, Time: 00:30:53

Health: -5/20      AC:  2    Str:  5    XL:     3   Next: 73%
Magic:  5/10       EV: 13    Int: 20    God:
Gold:   134        SH:  0    Dex: 15    Spells: 4 memorised, 1 level left

rFire  . . .     SeeInvis .     h - +0 dagger
rCold  . . .     Gourm    .     a - +0 robe
rNeg   . . .     Faith    .     (no shield)
rPois  .         Spirit   .     (no helmet)
rElec  .         Dismiss  .     (no cloak)
rCorr  .         Reflect  .     (no gloves)
SustAt .         Harm     .     (no boots)
MR     .....                    (no amulet)
Stlth  ++........               (no ring)
                                (no ring)

@: very slightly contaminated, not resistant to hostile enchantments, unstealthy
A: no striking features
a: no special abilities


You were on level 3 of the Dungeon.
You were not hungry.

You visited 1 branch of the dungeon, and saw 3 of its levels.

You collected 134 gold pieces.

Inventory:

Hand Weapons
 h - a +0 dagger (weapon)
Armour
 a - a +0 robe (worn)
Scrolls
 e - 2 scrolls of teleportation {unknown}
 i - a scroll of blinking {unknown}
 j - a scroll of remove curse
 l - a scroll of random uselessness {unknown}
 o - a scroll of recharging {unknown}
Potions
 f - a potion of resistance
 g - a potion of invisibility {unknown}
 n - a potion of lignification {unknown}
 p - 2 potions of curing {unknown}
Books
 b - a book of Flames

   Spells                             Type                      Level
   a - Flame Tongue                   Conjuration/Fire             1
   b - Throw Flame                    Conjuration/Fire             2
   c - Conjure Flame                  Conjuration/Fire             3
   d - Inner Flame                    Hexes/Fire                   3
   e - Sticky Flame                   Conjuration/Fire             4
   f - Fireball                       Conjuration/Fire             5
Comestibles
 c - 2 bread rations
 d - 3 meat rations
 k - 2 chunks of flesh
 m - a beef jerky


   Skills:
 + Level 1.1 Fighting
 + Level 2.9 Dodging
 - Level 2.4 Stealth
 * Level 4.0 Spellcasting
 + Level 2.0 Conjurations
 + Level 0.3 Hexes
 + Level 3.4 Fire Magic


You had one spell level left.
You knew the following spells:

 Your Spells              Type           Power        Failure   Level  Hunger
a - Flame Tongue          Conj/Fire      ###..        4%          1    None
b - Throw Flame           Conj/Fire      ###...       10%         2    #......
c - Conjure Flame         Conj/Fire      ###.....     14%         3    ###....
d - Inner Flame           Hex/Fire       ##......     21%         3    ###....


Dungeon Overview and Level Annotations

Branches:
Dungeon (3/15)

Altars:

Annotations:
D:3 Grinder


Message History

Grinder barely misses you.
Casting: Flame Tongue
Confirm with . or Enter, or press ? or * to list all spells.
Aiming: Flame Tongue
Press: ? - help, Shift-Dir - straight line, f/p - Grinder
Aim: Grinder (moderately wounded)
The flame tongue hits Grinder.
Grinder is heavily wounded.
Grinder hits you!
You writhe in agony.
* * * LOW HITPOINT WARNING * * *
Casting: Flame Tongue
Confirm with . or Enter, or press ? or * to list all spells.
Aiming: Flame Tongue
Press: ? - help, Shift-Dir - straight line, f/p - Grinder
Aim: Grinder (heavily wounded)
The flame tongue hits Grinder.
Grinder is heavily wounded.
Grinder gestures at you. Pain shoots through your body!
You die...

. .### # .%. #. ..#
####.###########..##..
....................#.
.....(.....<..........
....##.####..####....
# #....@.##### ###
###$..5......
#...##.###### .....#
.. ..... ### .....
..... ...


You could see Grinder.

Vanquished Creatures
  3 worms
  3 dart slugs
  A giant gecko (D:2)
  2 ball pythons (D:1)
  5 bats
  3 giant cockroaches (D:2)
  4 goblins
  7 hobgoblins
  5 giant newts
  3 kobolds
  3 rats
39 creatures vanquished.

Notes
Turn   | Place    | Note
--------------------------------------------------------------
     0 | D:1      | Kidiri the Deep Elf Fire Elementalist began the quest for the Orb.
     0 | D:1      | Reached XP level 1. HP: 10/10 MP: 6/6
   252 | D:1      | Reached XP level 2. HP: 15/15 MP: 4/8
   256 | D:1      | Learned a level 2 spell: Throw Flame
   899 | D:1      | Reached XP level 3. HP: 20/20 MP: 5/10
   904 | D:1      | Learned a level 3 spell: Conjure Flame
   908 | D:1      | Learned a level 3 spell: Inner Flame
  1314 | D:2      | Reached skill level 1 in Fighting
  1660 | D:3      | Reached skill level 4 in Spellcasting
  1697 | D:3      | Noticed Grinder
  1703 | D:3      | Killed from afar by Grinder

Vault maps used:
D:1:      dpeg_chamrin_arrival_tetris
D:2:      corexii_shack
D:3:      corexii_shack_village, first_bread, uniq_robin, uniq_grinder,
          uniq_jessica, uniq_crazy_yiuf_cottage

Skill      XL: |  1  2  3 |
---------------+----------+-----
Fighting       | 1 |  1.1
Spellcasting   | 4 |  4.0
Conjurations   | 2 |  2.0
Dodging        | |  2.9
Stealth        | |  2.4
Hexes          | |  0.3
Fire Magic     | |  3.4

Action                   || total
-------------------------++-------
Melee: Dagger            ||     4
 Cast: Flame Tongue      ||    52
       Throw Flame       ||    19
  Use: Scroll            ||     3
 Stab: Sleeping          ||     3
  Eat: Chunk             ||     3
